 Dungeon Crawl Stone Soup version 0.29-a0-721-g7f417c9bbb (webtiles) character file.

Game seed: 16796571759867535817

11 blackman the Charlatan (level 2, -4/21 HPs)
             Began as a Human Wanderer on June 27, 2022.
             Killed by divine providence
             ... invoked by an orc priest
              (9 damage)
             ... on level 2 of the Dungeon.
             The game lasted 00:02:47 (1304 turns).

blackman the Charlatan (Human Wanderer)             Turns: 1304, Time: 00:02:48

Health: -4/21      AC:  3    Str:  9    XL:     2   Next: 40%
Magic:  3/3        EV: 15    Int: 14    God:
Gold:   41         SH:  0    Dex: 13    Spells: 3/3 levels left

rFire   . . .      SeeInvis .   a - +0 dagger
rCold   . . .      Faith    .   (no shield)
rNeg    . . .      Spirit   .   c - +0 robe
rPois   .          Reflect  .   (no helmet)
rElec   .          Harm     .   (no cloak)
rCorr   .          Rampage  .   (no gloves)
Will    .....                   l - +0 pair of boots
Stlth   +.........              (no amulet)
HPRegen 0.07/turn               m - +4 ring of evasion
MPRegen 0.08/turn               (no ring)

@: no status effects
A: no striking features
a: no special abilities


You were on level 2 of the Dungeon.
You visited 1 branch of the dungeon, and saw 2 of its levels.

You collected 41 gold pieces.

Inventory:

Hand Weapons
 a - a +0 dagger (weapon)
 n - a +0 sling
Missiles
 o - 4 stones
Armour
 c - a +0 robe (worn)
 l - a +0 pair of boots (worn)
Jewellery
 m - a +4 ring of evasion (left hand)
Scrolls
 e - a scroll of acquirement {unknown}
 g - a scroll of enchant armour {unknown}
 h - a scroll of fog {unknown}
 i - 2 scrolls of immolation {unknown}
 j - a scroll of blinking {unknown}
 k - a scroll of identify {unknown}
Potions
 b - a potion of berserk rage
 f - a potion of curing {unknown}
Miscellaneous
 d - a piece from Xom's chessboard (8/15) (quivered)


   Skills:
 * Level 1.5 Fighting
 - Level 1.0 Dodging
 - Level 1.0 Spellcasting
 - Level 1.0 Transmutations
 + Level 3.2 Air Magic
 - Level 4.0 Evocations


You had 3 spell levels left.
You didn't know any spells.
Your spell library contained the following spells:

 Spells                   Type           Power      Damage    Failure   Level
 Shock                    Conj/Air       20%        1d4       14%         1
 Beastly Appendage        Tmut           6%         N/A       17%         1
 Static Discharge         Conj/Air       5%         N/A       21%         2
 Ignite Poison            Fire/Tmut/Pois 1%         N/A       56%         3
 Airstrike                Air            4%         N/A       56%         4


Dungeon Overview and Level Annotations

Branches:
Dungeon (2/15)

Altars:


Message History

The giant cockroach bites you but does no damage.
You hit the giant cockroach.
You kill the giant cockroach!
No target in view!
Key pressed, stopping explore.
An orc priest comes into view. It is wielding a +0 flail.
The orc priest shouts!
An orc priest is nearby! 4 orcs come into view.
The orc shouts!
The orc priest calls down the wrath of Beogh upon you.
Beogh smites you!
The orc shouts!
You make a move on Xom's chessboard...
The orc priest seems to speed up.
The orc shouts!
You make a move on Xom's chessboard...
The orc twists and deforms.
The orc shouts!
The orc priest mumbles some strange prayers to Beogh against you.
Pain shoots through your body!
You make a move on Xom's chessboard...
The orc appears confused.
You make a move on Xom's chessboard...
The orc seems to slow down.
The orc priest barely misses you. The orc barely misses you.
Unknown command.
Unknown command.
Unknown command.
Unknown command.
Unknown command.
Unknown command.
Unknown command.
Unknown command.
Unknown command.
Unknown command.
Unknown command.
Unknown command.
You make a move on Xom's chessboard...
The orc seems to slow down.
The orc priest hits you with a +0 flail.
* * * LOW HITPOINT WARNING * * *
The orc priest invokes the aid of Beogh against you.
Beogh smites you!
You die...

#### ....### .......
...o... .......##
......o.# ......oo# #o#
#@# #######.##
########## #........#
##........# #........#
#....<....+ #........#
#.........# #........#
###.#########
#........###..........#
#........#.............
#...<....#.#...........


You could see an orc priest (fast) and 4 orcs.

Vanquished Creatures
  A ball python (D:1)
  3 endoplasms (D:1)
  2 giant cockroaches
  A goblin (D:1)
  3 frilled lizards (D:1)
10 creatures vanquished.

Notes
Turn   | Place    | Note
-------+----------+-------------------------------------------
     0 | D:1      | blackman the Human Wanderer began the quest for the Orb.
     0 | D:1      | blackman set off with the following items: a +0 dagger, a
                  | potion of berserk rage, a +0 robe, a piece from Xom's
                  | chessboard (15/15); and the following spells available to
                  | memorise: Shock, Beastly Appendage, Static Discharge,
                  | Ignite Poison, Airstrike.
     0 | D:1      | Reached XP level 1. HP: 13/13 MP: 2/2
   496 | D:1      | Reached skill level 1 in Fighting
   604 | D:1      | Reached XP level 2. HP: 18/21 MP: 3/3
  1304 | D:2      | Killed from afar by an orc priest

Illustrated notes

Levels and vault maps discovered:
D:1:      zaba_arrival_water, layout_basic, serial_curves, eino_curves_03,
          eino_curves_01, chequers_serial_rivers_large_a, serial_bayou_pond_d
D:2:      layout_basic, dreamdust_ecumenical_altar_angels_and_demons,
          kennysheep_flooded_box

Skill      XL: |  1 |
---------------+----+-----
Fighting       | 1 |  1.5
Dodging        | |  1.0
Spellcasting   | |  1.0
Transmutations | |  1.0
Air Magic      | |  3.2
Evocations     | |  4.0

Action                   || total
-------------------------++-------
Melee: Dagger            ||    39
       Punch             ||     2
Evoke: Piece from Xom's  ||     8
 Stab: Confused          ||     2
Armor: Robe              ||     8
Dodge: Dodged            ||    20

Table legend: (Time is in decaauts)
 A = Elapsed time spent in this place.
 B = Non-inter-level travel time spent in this place.
 C = Inter-level travel time spent in this place.
 D = Time resting spent in this place.
 E = Time spent auto-exploring this place.
 F = Levels seen in this place.
 G = Mean time per level.
                   A        B        C        D        E       F      G
               +--------+--------+--------+--------+--------+-----+--------+
         Total |   1321 |   1230 |     91 |      0 |   1108 |   2 |  660.5 |
       Dungeon |   1321 |   1230 |     91 |      0 |   1108 |   2 |  660.5 |
               +--------+--------+--------+--------+--------+-----+--------+

Top non-repeatable levels by time:
     D:1: 1284 daAuts
     D:2: 36 daAuts
